TOP OF THE 1ST |
Calgary Lynx batting - Pitching for Brinkley Belugas : LHP John Holley
|
Pitching: LHP John Holley
|
|
Batting: RHB Darren Tomlinson
|
0-0: Ball 1-0: Called Strike 1-1: Ball 2-1: Ground out 3-1 (Groundball, 3)
|
Batting: RHB Danny Walsh
|
0-0: Ball 1-0: Ball 2-0: Ball 3-0: Base on Balls
|
Batting: LHB José Alonso
|
0-0: Fielders Choice at 2nd, 4-6 (Groundball, 4M)
|
Batting: RHB Carl Good
|
0-0: Ground out 6-3 (Groundball, 6)
|
Top of the 1st over - 0 run(s), 0 hit(s), 0 error(s), 1 left on base; Calgary 0 - Brinkley 0 |
BOTTOM OF THE 1ST |
Brinkley Belugas batting - Pitching for Calgary Lynx : RHP José Trujillo
|
Pitching: RHP José Trujillo
|
|
Batting: RHB Jorge Salazar
|
0-0: Swinging Strike 0-1: Called Strike 0-2: Ball 1-2: Strikes out swinging
|
Batting: RHB Orlando Trevino
|
0-0: Called Strike 0-1: Ball 1-1: Ball 2-1: Ground out 5-3 (Groundball, 5L)
|
Batting: RHB Ricardo Romo
|
0-0: Ball 1-0: Called Strike 1-1: Ball 2-1: Called Strike 2-2: SINGLE (Line Drive, 34D)
|
Batting: SHB Joreão Canosa
|
0-0: SINGLE (Line Drive, 56) Ricardo Romo to second
|
Batting: RHB Reggie Kahn
|
0-0: Called Strike 0-1: Foul Ball, location: 2F 0-2: Strikes out swinging
|
Bottom of the 1st over - 0 run(s), 2 hit(s), 0 error(s), 2 left on base; Calgary 0 - Brinkley 0 |
TOP OF THE 2ND |
Calgary Lynx batting - Pitching for Brinkley Belugas : LHP John Holley
|
Batting: RHB Alfredo Méndez
|
0-0: Called Strike 0-1: Ball 1-1: Swinging Strike 1-2: Ball 2-2: SINGLE (Flyball, 89S)
|
Batting: RHB Tony Farquharson
|
0-0: Foul Ball, location: 2F 0-1: Ball 1-1: Called Strike 1-2: Ball 2-2: 2-RUN HOME RUN (Flyball, 78XD), Distance : 426 ft
|
Batting: SHB Dustin Tucker
|
0-0: Ball 1-0: Foul Ball, location: 2F 1-1: Swinging Strike 1-2: Foul Ball, location: 2F 1-2: Ball 2-2: Ball 3-2: Base on Balls
|
Batting: RHB Jim Browning
|
0-0: Ball 1-0: Swinging Strike 1-1: Swinging Strike 1-2: Strikes out swinging
|
Batting: RHB Forest Simmons
|
0-0: Swinging Strike 0-1: Ball 1-1: Ball 2-1: SINGLE (Groundball, 34D) Dustin Tucker to second
|
Batting: RHB Darren Tomlinson
|
0-0: Called Strike 0-1: Called Strike 0-2: SINGLE (Line Drive, 9S) Dustin Tucker to third Forest Simmons to second
|
Batting: RHB Danny Walsh
|
0-0: Ball 1-0: Grounds into double play, 5-4-3 (Groundball, 56)
|
Top of the 2nd over - 2 run(s), 4 hit(s), 0 error(s), 2 left on base; Calgary 2 - Brinkley 0 |
BOTTOM OF THE 2ND |
Brinkley Belugas batting - Pitching for Calgary Lynx : RHP José Trujillo
|
Batting: RHB Zach King
|
0-0: Hit by Pitch
|
Batting: LHB Nari Corelli
|
0-0: Swinging Strike 0-1: 2-RUN HOME RUN (Line Drive, 9LD), Distance : 344 ft
|
Batting: RHB Shawn Hicks
|
0-0: Ball 1-0: Ball 2-0: Ball 3-0: Base on Balls
|
Batting: RHB Gonzalo Núñez
|
0-0: Called Strike 0-1: Foul Ball, location: 2F 0-2: Ball 1-2: Strikes out looking
|
Batting: RHB Jorge Salazar
|
0-0: Grounds into double play, 1-6-3 (Groundball, 13)
|
Bottom of the 2nd over - 2 run(s), 1 hit(s), 0 error(s), 0 left on base; Calgary 2 - Brinkley 2 |
TOP OF THE 3RD |
Calgary Lynx batting - Pitching for Brinkley Belugas : LHP John Holley
|
Batting: LHB José Alonso
|
0-0: Ball 1-0: Swinging Strike 1-1: Called Strike 1-2: Ball 2-2: Strikes out swinging
|
Batting: RHB Carl Good
|
0-0: Ball 1-0: Foul Ball, location: 2F 1-1: SINGLE (Line Drive, 4M)
|
Batting: RHB Alfredo Méndez
|
0-0: Ball 1-0: Ball 2-0: Foul Ball, location: 2F 2-1: Swinging Strike 2-2: Fly out, F9 (Flyball, 9LM)
|
Batting: RHB Tony Farquharson
|
0-0: Swinging Strike 0-1: Called Strike Carl Good steals 2nd base 0-2: Foul Ball, location: 2F 0-2: Ball 1-2: Hit by Pitch
|
Batting: SHB Dustin Tucker
|
0-0: Called Strike 0-1: Ball 1-1: Called Strike 1-2: Strikes out swinging
|
Top of the 3rd over - 0 run(s), 1 hit(s), 0 error(s), 2 left on base; Calgary 2 - Brinkley 2 |
BOTTOM OF THE 3RD |
Brinkley Belugas batting - Pitching for Calgary Lynx : RHP José Trujillo
|
Batting: RHB Orlando Trevino
|
0-0: Called Strike 0-1: Foul Ball, location: 2F 0-2: Ball 1-2: Ball 2-2: Foul Ball, location: 2F 2-2: Strikes out swinging
|
Batting: RHB Ricardo Romo
|
0-0: Called Strike 0-1: Reached on error, E3 (Groundball, 34)
|
Batting: SHB Joreão Canosa
|
0-0: Foul Ball, location: 2F 0-1: Ball 1-1: Swinging Strike 1-2: Ground out 3-1 (Groundball, 34S) Ricardo Romo to third
|
Batting: RHB Reggie Kahn
|
0-0: Ball 1-0: Called Strike 1-1: Ball 2-1: Fly out, F9 (Flyball, 9LS)
|
Bottom of the 3rd over - 0 run(s), 0 hit(s), 1 error(s), 1 left on base; Calgary 2 - Brinkley 2 |
TOP OF THE 4TH |
Calgary Lynx batting - Pitching for Brinkley Belugas : LHP John Holley
|
Batting: RHB Jim Browning
|
0-0: Ball 1-0: Ground out 6-3 (Groundball, 6)
|
Batting: RHB Forest Simmons
|
0-0: Called Strike 0-1: Ball 1-1: Foul Ball, location: 2F 1-2: Strikes out swinging
|
Batting: RHB Darren Tomlinson
|
0-0: Swinging Strike 0-1: Ball 1-1: Reached on error, E4 (Groundball, 4)
|
Batting: RHB Danny Walsh
|
0-0: Swinging Strike 0-1: Called Strike 0-2: Ball 1-2: Strikes out swinging
|
Top of the 4th over - 0 run(s), 0 hit(s), 1 error(s), 1 left on base; Calgary 2 - Brinkley 2 |
BOTTOM OF THE 4TH |
Brinkley Belugas batting - Pitching for Calgary Lynx : RHP José Trujillo
|
Batting: RHB Zach King
|
0-0: Fly out, F8 (Flyball, 8LS)
|
Batting: LHB Nari Corelli
|
0-0: Foul Ball, location: 2F 0-1: Ball 1-1: Ground out 4-3 (Groundball, 4)
|
Batting: RHB Shawn Hicks
|
0-0: Ball 1-0: Called Strike 1-1: Called Strike 1-2: Ball 2-2: SINGLE (Groundball, 5D)
|
Batting: RHB Gonzalo Núñez
|
0-0: Called Strike Shawn Hicks steals 2nd base 0-1: Ball 1-1: Foul Ball, location: 2F 1-2: 2-RUN HOME RUN (Line Drive, 7D), Distance : 389 ft
|
Batting: RHB Jorge Salazar
|
0-0: Ground out 6-3 (Groundball, 6)
|
Bottom of the 4th over - 2 run(s), 2 hit(s), 0 error(s), 0 left on base; Calgary 2 - Brinkley 4 |
TOP OF THE 5TH |
Calgary Lynx batting - Pitching for Brinkley Belugas : LHP John Holley
|
Batting: LHB José Alonso
|
0-0: Ball 1-0: Called Strike 1-1: Ball 2-1: Swinging Strike 2-2: Foul Ball, location: 2F 2-2: Foul Ball, location: 2F 2-2: Foul Ball, location: 2F 2-2: Strikes out swinging
|
Batting: RHB Carl Good
|
0-0: Called Strike 0-1: Ball 1-1: Fly out, F4 (Popup, 34D)
|
Batting: RHB Alfredo Méndez
|
0-0: Swinging Strike 0-1: Foul Ball, location: 2F 0-2: Strikes out swinging
|
Top of the 5th over - 0 run(s), 0 hit(s), 0 error(s), 0 left on base; Calgary 2 - Brinkley 4 |
BOTTOM OF THE 5TH |
Brinkley Belugas batting - Pitching for Calgary Lynx : RHP José Trujillo
|
Batting: RHB Orlando Trevino
|
0-0: Ball 1-0: Ball 2-0: Ball 3-0: Called Strike 3-1: Called Strike 3-2: Base on Balls
|
Batting: RHB Ricardo Romo
|
0-0: Ball 1-0: Called Strike 1-1: Ball 2-1: Grounds into double play, 5-4-3 (Groundball, 56)
|
Batting: SHB Joreão Canosa
|
0-0: Ball 1-0: Called Strike 1-1: Ball 2-1: Fly out, F7 (Flyball, 7LM)
|
Bottom of the 5th over - 0 run(s), 0 hit(s), 0 error(s), 0 left on base; Calgary 2 - Brinkley 4 |
TOP OF THE 6TH |
Calgary Lynx batting - Pitching for Brinkley Belugas : LHP John Holley
|
Batting: RHB Tony Farquharson
|
0-0: Ball 1-0: Ground out 5-3 (Groundball, 15S)
|
Batting: SHB Dustin Tucker
|
0-0: Ball 1-0: Ball 2-0: Foul Ball, location: 2F 2-1: Ball 3-1: Fly out, F9 (Line Drive, 9M)
|
Batting: RHB Jim Browning
|
0-0: Fly out, F7 (Flyball, 78XD)
|
Top of the 6th over - 0 run(s), 0 hit(s), 0 error(s), 0 left on base; Calgary 2 - Brinkley 4 |
BOTTOM OF THE 6TH |
Brinkley Belugas batting - Pitching for Calgary Lynx : RHP José Trujillo
|
Batting: RHB Reggie Kahn
|
0-0: Called Strike 0-1: Ball 1-1: Called Strike 1-2: Ball 2-2: Ball 3-2: DOUBLE (Line Drive, 9LS)
|
Batting: RHB Zach King
|
0-0: Called Strike 0-1: Ground out 4-3 (Groundball, 6M) Reggie Kahn to third
|
Batting: LHB Nari Corelli
|
0-0: Called Strike 0-1: Ball 1-1: Called Strike 1-2: Fly out, F3 (Line Drive, 34)
|
Batting: RHB Shawn Hicks
|
0-0: Ball 1-0: Ball 2-0: Called Strike 2-1: SINGLE (Line Drive, 4M) Reggie Kahn scores
|
Batting: RHB Gonzalo Núñez
|
0-0: Ball Shawn Hicks steals 2nd base 1-0: Swinging Strike 1-1: Ball 2-1: Foul Ball, location: 2F 2-2: SINGLE (Line Drive, 8LS) Shawn Hicks to third Runner from 3rd tries for Home, throw and OUT!
|
Bottom of the 6th over - 1 run(s), 3 hit(s), 0 error(s), 1 left on base; Calgary 2 - Brinkley 5 |
TOP OF THE 7TH |
Calgary Lynx batting - Pitching for Brinkley Belugas : LHP John Holley
|
Batting: RHB Forest Simmons
|
0-0: Ball 1-0: SINGLE (Groundball, 4M)
|
Batting: RHB Darren Tomlinson
|
0-0: Fly out, F8 (Flyball, 89M)
|
Batting: RHB Danny Walsh
|
0-0: Ball 1-0: Ball 2-0: Called Strike 2-1: Grounds into double play, 6-4-3 (Groundball, 6)
|
Top of the 7th over - 0 run(s), 1 hit(s), 0 error(s), 0 left on base; Calgary 2 - Brinkley 5 |
BOTTOM OF THE 7TH |
Brinkley Belugas batting - Pitching for Calgary Lynx : RHP José Trujillo
|
Batting: RHB Jorge Salazar
|
0-0: Ball 1-0: Foul Ball, location: 2F 1-1: Ball 2-1: SINGLE (Line Drive, 56)
|
Batting: RHB Orlando Trevino
|
0-0: Ball 1-0: Bunt missed! 1-1: Bunted foul 1-2: Grounds into double play, 6-4-3 (Groundball, 6)
|
Pitching: RHP Jeffrey Mack
|
|
Batting: RHB Ricardo Romo
|
0-0: Called Strike 0-1: Ball 1-1: Ball 2-1: Fly out, F4 (Popup, 4M)
|
Bottom of the 7th over - 0 run(s), 1 hit(s), 0 error(s), 0 left on base; Calgary 2 - Brinkley 5 |
TOP OF THE 8TH |
Calgary Lynx batting - Pitching for Brinkley Belugas : LHP John Holley
|
Now at C: Ilusuarte Viamonte
|
|
Now at 2B: Edward Baker
|
|
Batting: LHB José Alonso
|
0-0: Swinging Strike 0-1: Ball 1-1: Fly out, F9 (Flyball, 89S)
|
Batting: RHB Carl Good
|
0-0: Ball 1-0: Ball 2-0: SOLO HOME RUN (Flyball, 8LXD), Distance : 435 ft
|
Batting: RHB Alfredo Méndez
|
0-0: Swinging Strike 0-1: Ball 1-1: Ground out 6-3 (Groundball, 6)
|
Batting: RHB Tony Farquharson
|
0-0: Ball 1-0: Fly out, F8 (Flyball, 89M)
|
Top of the 8th over - 1 run(s), 1 hit(s), 0 error(s), 0 left on base; Calgary 3 - Brinkley 5 |
BOTTOM OF THE 8TH |
Brinkley Belugas batting - Pitching for Calgary Lynx : RHP Jeffrey Mack
|
Batting: SHB Joreão Canosa
|
0-0: Called Strike 0-1: Ball 1-1: Foul Ball, location: 2F 1-2: Strikes out swinging
|
Batting: RHB Reggie Kahn
|
0-0: Ball 1-0: Ball 2-0: DOUBLE (Line Drive, 78D) - OUT at third base trying to stretch hit.
|
Batting: RHB Zach King
|
0-0: Ball 1-0: Ground out 1-3 (Groundball, 13S)
|
Bottom of the 8th over - 0 run(s), 1 hit(s), 0 error(s), 0 left on base; Calgary 3 - Brinkley 5 |
TOP OF THE 9TH |
Calgary Lynx batting - Pitching for Brinkley Belugas : LHP John Holley
|
Batting: SHB Dustin Tucker
|
0-0: Ball 1-0: Ball 2-0: Ground out 6-3 (Groundball, 6M)
|
Batting: RHB Jim Browning
|
0-0: Foul Ball, location: 2F 0-1: Ball 1-1: Ball 2-1: Foul Ball, location: 2F 2-2: Ball 3-2: SINGLE (Line Drive, 4MD)
|
Pitching: RHP Jorge Beltrán
|
|
Pinch Hitting: SHB Tom Craft
|
0-0: Ball 1-0: Foul Ball, location: 2F 1-1: Called Strike 1-2: Foul Ball, location: 2F 1-2: Ball 2-2: Foul Ball, location: 2F 2-2: Ball 3-2: Base on Balls Jim Browning to second
|
Batting: RHB Darren Tomlinson
|
0-0: Ball 1-0: Ball 2-0: Foul Ball, location: 2F 2-1: Foul Ball, location: 2F 2-2: Ball 3-2: Foul Ball, location: 2F 3-2: Strikes out swinging
|
Pinch Hitting: LHB Walter Kirk
|
0-0: Ball 1-0: Ball 2-0: Called Strike 2-1: Ball 3-1: Foul Ball, location: 2F 3-2: Strikes out swinging
|
Top of the 9th over - 0 run(s), 1 hit(s), 0 error(s), 2 left on base; Calgary 3 - Brinkley 5 |
|